[Event "Early-Titled-Tuesday-Blitz-May-28-2024"]
[Site "Chess.com"]
[Date "2024.05.28"]
[Round "2"]
[White "aghasiyevkamal"]
[Black "AnishOnYoutube"]
[Result "0-1"]
[WhiteElo "2635"]
[BlackElo "3050"]
[TimeControl "180+1"]
[EndTime "8:18:52 PDT"]
[Termination "AnishOnYoutube won on time"]

1. d4 Nf6 2. c4 g6 3. Nc3 Bg7 4. e4 d6 5. Be2 O-O 6. Bg5 c5 7. d5 h6 8. Bf4 b5 9. cxb5 a6 10. a4 Qa5 11. Bd2 axb5 12. Bxb5 Ba6 13.
Ra3 Nbd7 14. Nf3 Bxb5 15. axb5 Qb4 16. O-O Nxe4 17. Nxe4 Qxe4 18. Re3 Qxd5 19. Rxe7 Nb6 20. Bc3 Rfd8 21. Qe2 Qc4 22. Qd2 Bxc3 23. bxc3 Nd5 24. Rb7 Nxc3 25. Re1 Qd5 26. Qxh6 Qxb7 27. Ng5 f6 28.
Ne6 Qh7 29. Qd2 Nxb5 30. Qd5 Kh8 31. h4 Nd4 32. Nf4 Re8 33. Rb1 Ra7 34. h5 gxh5 35. Qxd6 Rf7 36. Rb6 Qf5 37. Kh2 Qe5 38. Qc6 Qxf4+ 0-1

[Event "Early-Titled-Tuesday-Blitz-May-28-2024"]
[Site "Chess.com"]
[Date "2024.05.28"]
[Round "2"]
[White "vugarrasulov"]
[Black "Keithonsky"]
[Result "1/2-1/2"]
[WhiteElo "3001"]
[BlackElo "2635"]
[TimeControl "180+1"]
[EndTime "8:18:52 PDT"]
[Termination "Game drawn - insufficient material"]

1. d4 d5 2. c4 dxc4 3. e4 e5 4.
Nf3 exd4 5. Qxd4 Qxd4 6. Nxd4 c6 7. Bxc4 Nd7 8. Nc3 Bc5 9. Nf5 g6 10. Ng3 Ne5 11. Be2 h5 12. Nf1 Be6 13. Be3 Bb6 14.
O-O-O Ne7 15. h3 Nc4 16. Bd4 Bxd4 17. Rxd4 b5 18. b3 Nb6 19. Ne3 O-O 20. Rhd1 Rfc8 21. Kb2 a5 22. f4 b4 23. Na4 Nxa4+ 24. bxa4 c5 25. Rd6 c4 26. Kb1 c3 27. Bd3 Rab8 28.
Bc2 b3 29. axb3 Bxb3 30. Bxb3 Rxb3+ 31. Kc1 Ra3 32. Rd8+ Rxd8 33. Rxd8+ Kg7 34. Rd4 Nc6 35. Nc2 Ra2 36. Rc4 Nb4 37. Rxc3 Rxa4 38. Nxb4 Rxb4 39. Re3 h4 40. Kc2 f5 41. exf5 gxf5 42. Re5 Rxf4 43. Rxa5 Rf2+ 44. Kd3 Rxg2 45. Rxf5 Rg3+ 46.
Ke4 Rxh3 47. Kf4 Rg3 48. Rh5 Rh3 49. Kg4 Rh1 50. Rxh4 Rxh4+ 51. Kxh4 1/2-1/2

[Event "Early-Titled-Tuesday-Blitz-May-28-2024"]
[Site "Chess.com"]
[Date "2024.05.28"]
[Round "2"]
[White "RuperezA"]
[Black "C_K_G"]
[Result "1-0"]
[WhiteElo "2673"]
[BlackElo "2317"]
[TimeControl "180+1"]
[EndTime "8:18:52 PDT"]
[Termination "RuperezA won on time"]

1. e4 c5 2. Nf3 d6 3. Bb5+ Bd7 4. a4 Nc6 5. O-O Nf6 6. Re1 e5 7. c3 a6 8. Bf1 Bg4 9. h3 Bh5 10. d3 Be7 11. Be2 O-O 12. Nbd2 Qc7 13. Nf1 b5 14. Ng3 Bg6 15. Nh4 b4 16. Nhf5 Rfe8 17. h4 Bf8 18.
h5 Bxf5 19. Nxf5 Ne7 20. Ng3 h6 21. Be3 bxc3 22. bxc3 d5 23. Bf1 Rab8 24. Qf3 Rb3 25. Rec1 Kh7 26. Nf5 Nxf5 27. Qxf5+ Kg8 28. Bxh6 dxe4 29.
dxe4 c4 30. Bg5 Nh7 31. Be3 Reb8 32. a5 R8b5 33. Ra4 Rb1 34. Rxc4 Qxa5 35. Rxb1 Rxb1 36. g3 Qa1 37. Qh3 Nf6 38. Rc8 Nxh5 39. Rxf8+ 1-0

[Event "Early-Titled-Tuesday-Blitz-May-28-2024"]
[Site "Chess.com"]
[Date "2024.05.28"]
[Round "2"]
[White "ilqar_74"]
[Black "AlbusSevresPotter"]
[Result "1-0"]
[WhiteElo "2781"]
[BlackElo "2551"]
[TimeControl "180+1"]
[EndTime "8:18:53 PDT"]
[Termination "ilqar_74 won on time"]

1. e4 c5 2. Nf3 d6 3. d4 cxd4 4. Nxd4 Nf6 5. Nc3 a6 6. a3 e5 7. Nf5 d5 8. Bg5 d4 9. Bxf6 gxf6 10. Nb1 Bxf5 11. exf5 Qd5 12. Qh5 Nd7 13. Nd2 Rc8 14.
Rc1 e4 15. Qe2 d3 16. Qxe4+ Qxe4+ 17. Nxe4 Bh6 18. Nd6+ Ke7 19. Nxc8+ Rxc8 20. Kd1 Bxc1 21. Kxc1 Rxc2+ 22. Kb1 Rd2 23. Kc1 Rc2+ 24. Kb1 Rd2 25. Kc1 Rxf2 26. Bxd3 Nc5 27. Re1+ Kf8 28. Bc2 Rxg2 29. b4 Nd7 30. Be4 Ra2 31. Bxb7 Rxa3 32. Kb2 Rh3 33. Bxa6 Ne5 34. Re2 Ke7 35. Rd2 Nf3 36.
Rd3 Rxh2+ 37. Ka3 Ne5 38. Rc3 Kd6 39. b5 Nd7 40. Rc6+ Kd5 41. Bb7 Rh3+ 42. Rc3+ 1-0

[Event "Early-Titled-Tuesday-Blitz-May-28-2024"]
[Site "Chess.com"]
[Date "2024.05.28"]
[Round "2"]
[White "VirtualCoach"]
[Black "XeresLt"]
[Result "1-0"]
[WhiteElo "2200"]
[BlackElo "2465"]
[TimeControl "180+1"]
[EndTime "8:18:53 PDT"]
[Termination "VirtualCoach won by resignation"]

1. e4 e6 2. d4 c5 3. dxc5 Bxc5 4. Bd3 Ne7 5. Nf3 O-O 6. O-O f5 7. e5 Nbc6 8. c3 Ng6 9. Qe2 a6 10. Nbd2 b5 11. a4 b4 12. Nc4 Bb7 13. Bd2 bxc3 14. bxc3 Na5 15. Rfe1 Nb3 16. Rab1 Nxd2 17. Rxb7 Nxc4 18.
Bxc4 Qc8 19. Reb1 Qc6 20. Qd3 Nf4 21. Qxd7 Qxd7 22. Rxd7 Rab8 23. Rbb7 Rxb7 24. Rxb7 Rd8 25. g3 Rd1+ 26. Bf1 Nd3 27. Kg2 Nxf2 28. Bc4 Ng4 29.
Bxe6+ Kf8 30. Rd7 Ne3+ 31. Kh3 Rc1 32. Ng5 h6 33. Nh7+ Ke8 34. Rxg7 Rxc3 35. Nf6+ Kd8 36.
Rd7+ Kc8 37. Rd3+ Kc7 38. Rxc3 Kb6 39. Nd5+ Nxd5 40. Bxd5 Bd4 41. Rc6+ Ka5 42. e6 1-0

[Event "Early-Titled-Tuesday-Blitz-May-28-2024"]
[Site "Chess.com"]
[Date "2024.05.28"]
[Round "2"]
[White "KnightDuta"]
[Black "PapiPapita"]
[Result "0-1"]
[WhiteElo "2715"]
[BlackElo "2449"]
[TimeControl "180+1"]
[EndTime "8:18:55 PDT"]
[Termination "PapiPapita won by checkmate"]

1. e4 c6 2. d4 d5 3. Nc3 dxe4 4. Nxe4 Nf6 5. Nxf6+ exf6 6. c3 Bd6 7. Bd3 O-O 8. Qc2 Re8+ 9. Ne2 h5 10. O-O Qc7 11.
h3 Nd7 12. c4 Nf8 13. c5 Be7 14. Bf4 Qd8 15. Rad1 Be6 16. Ng3 g6 17. Ne4 Qxd4 18.
Be2 Qb4 19. Bd6 Bf5 20. Bd3 Bxe4 21. Bxe4 Bxd6 22. Bxc6 bxc6 23. cxd6 Rad8 24. Qxc6 Re6 25. Qa6 Rexd6 26. Rxd6 Rxd6 27. Qxa7 Qxb2 28. a4 Qd4 29. Qb8 Ra6 30. Re1 Rxa4 31. Re8 Qb4 32. Qc7 Qf4 33. Qc3 Rc4 34. g3 Rxc3 35. gxf4 Rxh3 36. Kg2 Rb3 37. f3 Kg7 38. Kg3 Ne6 39. Ra8 Nd4 40. f5 Rxf3+ 41.
Kg2 Rxf5 42. Rd8 Rg5+ 43. Kh3 Ne6 44. Rd2 Nf4+ 45. Kh2 Rg2+ 46. Rxg2 Nxg2 47. Kxg2 g5 48. Kh2 Kg6 49. Kg2 Kf5 50. Kh2 Kg4 51. Kg2 Kf4 52. Kh2 f5 53. Kg2 f6 54. Kh2 Ke4 55. Kg1 Kd4 56. Kh2 Kc3 57. Kg1 Kb2 58. Kh1 Ka1 59. Kh2 Ka2 60. Kg2 Ka3 61. Kh2 Ka4 62. Kg2 Ka5 63. Kh2 Ka6 64. Kg2 Ka7 65. Kh2 Ka8 66.
Kg2 Kb8 67. Kh2 Kc8 68. Kg2 Kd8 69. Kh2 Ke8 70. Kg2 Kf8 71. Kh2 Kg8 72. Kg2 Kh8 73. Kh2 f4 74. Kg2 Kh7 75. Kh2 Kg6 76. Kg2 Kf5 77.
Kh2 g4 78. Kg2 Kg5 79. Kh2 f5 80. Kg2 h4 81. Kh2 h3 82. Kg1 Kh4 83. Kh1 Kg3 84. Kg1 Kf3 85. Kh1 h2 86. Kxh2 Kf2 87.
Kh1 f3 88. Kh2 g3+ 89. Kh3 g2 90. Kh4 g1=Q 91. Kh5 Qg7 92. Kh4 Qg6 93. Kh3 Qg5 94. Kh2 Qg4 95. Kh1 Qg2# 0-1

[Event "Early-Titled-Tuesday-Blitz-May-28-2024"]
[Site "Chess.com"]
[Date "2024.05.28"]
[Round "2"]
[White "ilya2700"]
[Black "FollowRivers"]
[Result "1-0"]
[WhiteElo "2195"]
[BlackElo "2459"]
[TimeControl "180+1"]
[EndTime "8:18:55 PDT"]
[Termination "ilya2700 won on time"]

1. e4 c5 2. c4 g6 3. Ne2 Bg7 4. d4 cxd4 5. Nxd4 Nc6 6. Be3 Nf6 7. Nc3 O-O 8. Be2 d6 9. O-O Nxd4 10. Bxd4 a5 11. f3 Bd7 12. b3 Bc6 13. Rc1 Nd7 14.
Be3 Nc5 15. Qd2 e6 16. Rfd1 Be5 17. Qe1 Qf6 18. g3 h5 19. h4 Rfe8 20. Nb5 Bxb5 21. cxb5 Qe7 22. f4 Bg7 23. e5 Ne4 24. exd6 Nxd6 25.
Bc5 Red8 26. Bf3 Rac8 27. Bxd6 Qd7 28. Rxc8 Rxc8 29. Be5 Qxb5 30. Bxg7 Kxg7 31. Qf2 Kh7 32. Kg2 a4 33. bxa4 Qxa4 34. Rd2 Rc1 35. Qe2 Qb4 36. Rc2 Ra1 37. Rc7 Qd4 38. Rxf7+ Kg8 39. Qxe6 Qg1+ 40. Kh3 Qf1+ 41. Bg2 1-0

[Event "Early-Titled-Tuesday-Blitz-May-28-2024"]
[Site "Chess.com"]
[Date "2024.05.28"]
[Round "2"]
[White "Attacker_2006"]
[Black "youngdinousaur"]
[Result "1-0"]
[WhiteElo "2524"]
[BlackElo "2303"]
[TimeControl "180+1"]
[EndTime "8:18:56 PDT"]
[Termination "Attacker_2006 won on time"]

1. h4 Nf6 2. h5 h6 3. a4 d5 4.
d4 c5 5. Nf3 Bg4 6. dxc5 Bxh5 7. Bf4 Nc6 8. Nc3 Bg6 9. Nb5 Rc8 10. e3 a6 11. Nbd4 e6 12. Nxc6 bxc6 13. b4 a5 14.
c3 Ne4 15. Qc1 Be7 16. Ba6 Bf6 17. Be5 Rb8 18. O-O Bxe5 19. Nxe5 Qc7 20. Nxc6 Qxc6 21.
Bb5 Rxb5 22. axb5 Qxb5 23. Rxa5 Qb7 24. f3 Nf6 25. b5 O-O 26. Qa3 Bd3 27. Rd1 Bc4 28.
Qb4 Rb8 29. c6 Qb6 30. Kf2 g5 31. Ra6 Qxb5 32. c7 Rc8 33. Ra7 Qxb4 34. cxb4 Ne8 35.
b5 Rxc7 36. b6 Rc6 37. Rb1 Nd6 38. Rd7 Kg7 39. b7 Nxb7 40. Rbxb7 Kg6 41. Rxf7 e5 42. g4 d4 43. Rg7+ Kf6 44. exd4 exd4 45. Rh7 Bf7 46.
Rbxf7+ Ke5 47. Re7+ Kf4 48. Rhf7+ 1-0

[Event "Early-Titled-Tuesday-Blitz-May-28-2024"]
[Site "Chess.com"]
[Date "2024.05.28"]
[Round "2"]
[White "ailime26"]
[Black "Actuary44"]
[Result "0-1"]
[WhiteElo "2107"]
[BlackElo "2463"]
[TimeControl "180+1"]
[EndTime "8:18:57 PDT"]
[Termination "Actuary44 won on time"]

1. Nf3 d6 2. g3 e5 3. d3 f5 4. Bg2 g6 5. b3 Bg7 6. Bb2 Ne7 7. Nbd2 O-O 8. O-O f4 9. c4 fxg3 10. hxg3 Bg4 11. Rc1 Nbc6 12. a3 Qd7 13. Rc2 Bh3 14.
Qa1 Bxg2 15. Kxg2 h6 16. d4 Qf5 17. Rcc1 e4 18. Nh4 Qg4 19. d5 Ne5 20. f3 exf3+ 21. exf3 Qh5 22. f4 Qe2+ 23. Rf2 Qxf2+ 24. Kxf2 Nd3+ 25. Ke2 Bxb2 26. Qb1 Nxc1+ 27. Kd1 Bxa3 28. Qa2 Nxb3 29. Nxb3 Bb4 30. Qc2 Kg7 31. Qe4 Rae8 32. Qd4+ Kh7 33. Qxa7 g5 34. Qxb7 Bc3 35. Nf3 gxf4 36.
Qxc7 fxg3 37. Nh4 Be5 0-1

[Event "Early-Titled-Tuesday-Blitz-May-28-2024"]
[Site "Chess.com"]
[Date "2024.05.28"]
[Round "2"]
[White "Malev212"]
[Black "DominguezOnYoutube"]
[Result "0-1"]
[WhiteElo "2624"]
[BlackElo "2993"]
[TimeControl "180+1"]
[EndTime "8:18:58 PDT"]
[Termination "DominguezOnYoutube won on time"]

1. e4 c5 2. Nf3 d6 3. Bb5+ Nd7 4. a4 Nf6 5. Nc3 g6 6. a5 a6 7. Be2 Bg7 8. O-O O-O 9. d3 b5 10. axb6 a5 11. Qe1 Bb7 12. Nd2 Nxb6 13. f4 Nfd7 14. f5 a4 15. Ra3 Ne5 16. Qh4 Bc6 17. Nf3 Nbd7 18. Bg5 Bf6 19. Bxf6 exf6 20. fxg6 fxg6 21.
Raa1 Kg7 22. Qg3 Qb6 23. Rab1 Rab8 24. Kh1 Qd8 25. Nd2 Rb4 26. Bg4 Qe7 27. Bxd7 Qxd7 28. Nf3 Qe7 29. Nh4 Kh8 30. Rf2 Rb7 31. h3 Qd8 32. Rd2 Qb6 33. Ne2 a3 34. b3 Qa5 35.
Rdd1 a2 36. Ra1 Qa3 37. Nf3 Qb2 38. Rdc1 Rbf7 39. Nf4 f5 40. Ng5 Re7 41. Qh4 fxe4 42. Rf1 Kg8 0-1

[Event "Early-Titled-Tuesday-Blitz-May-28-2024"]
[Site "Chess.com"]
[Date "2024.05.28"]
[Round "2"]
[White "David_George21"]
[Black "Mikasinski"]
[Result "0-1"]
[WhiteElo "2407"]
[BlackElo "2709"]
[TimeControl "180+1"]
[EndTime "8:18:58 PDT"]
[Termination "Mikasinski won by checkmate"]

1. e4 c5 2. Nf3 d6 3. d4 cxd4 4. Nxd4 Nf6 5. Nc3 a6 6. Bg5 e6 7.
f4 h6 8. Bh4 Qb6 9. a3 Be7 10.
Bf2 Qc7 11. Qf3 Nc6 12. O-O-O Bd7 13. g4 Nxd4 14. Bxd4 e5 15. fxe5 Bxg4 16. Nd5 Bxf3 17. Nxc7+ Kd8 18. Nxa8 Nd7 19. exd6 Bg5+ 20. Kb1 Bxh1 21.
Bd3 Bf3 22. Rf1 Bh5 23. Bxg7 Re8 24. h4 Be3 25. Nc7 Rg8 26. Bc3 Rg4 27. Nd5 Bc5 28.
Nf6 Rxh4 29. Nxh5 Rxh5 30. Rxf7 Bxd6 31. Bc4 Be5 32. Be6 Nc5 33. Bf5 Bxc3 34. bxc3 Rh2 35. Kb2 Re2 36. Rh7 Re3 37. Rxh6 Na4+ 38. Kb3 b5 39. Rd6+ Kc7 40. Rd7+ Kb6 41. Rd6+ Ka5 42. Ka2 Nxc3+ 43. Kb2 Na4+ 44. Kc1 Nb6 45. Re6 Nc4 46.
Re8 Re1# 0-1

[Event "Early-Titled-Tuesday-Blitz-May-28-2024"]
[Site "Chess.com"]
[Date "2024.05.28"]
[Round "2"]
[White "FMStan15"]
[Black "MeisterJabo"]
[Result "1-0"]
[WhiteElo "2151"]
[BlackElo "2455"]
[TimeControl "180+1"]
[EndTime "8:18:58 PDT"]
[Termination "FMStan15 won by checkmate"]

1. e4 e5 2. Nf3 Nc6 3. Bb5 a6 4. Bxc6 dxc6 5. O-O f6 6. d4 exd4 7. Nxd4 Bc5 8. Qh5+ g6 9. Qxc5 Ne7 10. Qc3 O-O 11. Bh6 Re8 12. Qb3+ Kh8 13. Be3 Qd6 14. Nc3 c5 15. Nf3 Be6 16. Qa3 b6 17. Rad1 Qc6 18.
b3 Bg4 19. Qc1 Qe6 20. Qd2 Bxf3 21. gxf3 Qh3 22. Qe2 Nc6 23. f4 Nd4 24. Bxd4 cxd4 25.
Rd3 Qh4 26. Nd5 c5 27. Nc7 Qxf4 28. Nxa8 Rxe4 29. Qf3 Qg5+ 30. Kh1 Rf4 31. Qg3 Rg4 32. Qf3 Rf4 33. Qc6 Qh4 34. Rg3 Rf5 35. Qc8+ Kg7 36. Qb7+ Kh6 37. Qg2 Kg7 38. Nc7 Qf4 39. Ne6+ Kf7 40.
Nxf4 Rxf4 41. Qb7+ Kg8 42. Rh3 h5 43. Rg1 g5 44.
Rxh5 Rxf2 45. Qh7+ Kf8 46. Qh8+ Ke7 47. Rh7+ Ke6 48.
Qe8+ Kf5 49. Qc8+ Kg6 50. Rh8 Rxc2 51. Rg8+ Kf7 52. Qe8# 1-0

[Event "Early-Titled-Tuesday-Blitz-May-28-2024"]
[Site "Chess.com"]
[Date "2024.05.28"]
[Round "2"]
[White "yaguigor"]
[Black "David_Arutinian"]
[Result "1-0"]
[WhiteElo "2594"]
[BlackElo "2838"]
[TimeControl "180+1"]
[EndTime "8:18:59 PDT"]
[Termination "yaguigor won by resignation"]

1. e4 c6 2. d4 d5 3. e5 Bf5 4. h4 h5 5. Bd3 Bxd3 6. Qxd3 Qa5+ 7. Nd2 e6 8. Nf3 Ne7 9. O-O Nf5 10. c4 Be7 11.
cxd5 cxd5 12. Nb3 Qa6 13. Qxa6 Nxa6 14. Bg5 f6 15. exf6 gxf6 16. Bd2 Kd7 17. a3 Rac8 18. Rac1 b6 19. Rxc8 Rxc8 20. Rc1 Rxc1+ 21. Nxc1 Nb8 22. Kf1 Nc6 23. Bc3 Bd6 24. Nd3 a5 25. a4 Nfe7 26. Ke2 Ng6 27. g3 e5 28. Nde1 e4 29. Nd2 f5 30. Ng2 f4 31. gxf4 Nxf4+ 32. Nxf4 Bxf4 33. Nf1 Ke6 34. f3 Kf5 35. b3 Ne7 36. Bd2 Ng6 37.
Be1 Bd6 38. Ne3+ Ke6 39. fxe4 dxe4 40. d5+ Kd7 41. Nf5 Bc5 42. Bf2 Nf4+ 43. Kf1 Nxd5 44. Bxc5 bxc5 45. Ke2 Nf6 46. Ke3 Ke6 47. Kf4 Nd5+ 48.
Kxe4 Nc3+ 49. Kf4 Ne2+ 50. Ke4 Nc1 51. Ng7+ Kd6 52. Nxh5 Nxb3 53. Nf4 Nd2+ 54. Kd3 Nf3 55. h5 Ne5+ 56. Kc3 Ng4 57. Kc4 Ne3+ 58. Kb5 c4 59. h6 Ke5 60. h7 Kxf4 61. h8=Q Ke4 62. Qc3 Kf3 63. Kxa5 Ke2 64. Kb4 Nd5+ 65. Kxc4 Nxc3 66. Kxc3 Ke3 67. a5 Ke4 68. a6 1-0

[Event "Early-Titled-Tuesday-Blitz-May-28-2024"]
[Site "Chess.com"]
[Date "2024.05.28"]
[Round "2"]
[White "PabloZarnicki"]
[Black "Kezin_Roman"]
[Result "0-1"]
[WhiteElo "2556"]
[BlackElo "2787"]
[TimeControl "180+1"]
[EndTime "8:18:59 PDT"]
[Termination "Kezin_Roman won on time"]

1. e4 c5 2. Nf3 e6 3. d3 Nc6 4. g3 g6 5. Bg5 Qb6 6. Nbd2 Qxb2 7. Nc4 Qg7 8. Bg2 d6 9. O-O Nf6 10. Qd2 h6 11. Be3 e5 12. h3 Be7 13. c3 Be6 14. Rab1 b6 15. Nh2 g5 16. Kh1 d5 17.
exd5 Nxd5 18. f4 exf4 19. gxf4 gxf4 20. Bxf4 O-O-O 21. a4 Qxc3 22. Qxc3 Nxc3 23. Bxc6 Nxb1 24. Rxb1 Rxd3 25. Ne5 Rd4 26. Be3 Rb4 27. Rc1 Rd8 28. Bg2 Rb3 29. Bf4 Bg5 30. Bxg5 hxg5 31. a5 Kc7 32.
axb6+ axb6 33. Ra1 Kd6 34. Nc6 Rc8 35. Rd1+ Kc7 36.
Ng4 Rh8 37. Kg1 Rhxh3 38. Bxh3 Rxh3 39. Nge5 f6 40. Nd8 Bb3 41. Rd7+ Kc8 42. Ndc6 fxe5 43. Re7 Bd5 44. Na7+ Kb8 45. Rxe5 Kxa7 46. Rxd5 g4 0-1

[Event "Early-Titled-Tuesday-Blitz-May-28-2024"]
[Site "Chess.com"]
[Date "2024.05.28"]
[Round "2"]
[White "ChessShop"]
[Black "NowInChess"]
[Result "1-0"]
[WhiteElo "2663"]
[BlackElo "2232"]
[TimeControl "180+1"]
[EndTime "8:18:59 PDT"]
[Termination "ChessShop won by checkmate"]

1. d4 Nf6 2. Nf3 g6 3. Bg5 Bg7 4. Nbd2 d5 5. e3 Nbd7 6. Bd3 O-O 7. O-O Re8 8. c4 c6 9. Rc1 e5 10. cxd5 cxd5 11. dxe5 Nxe5 12. Nxe5 Rxe5 13. Bh4 Bd7 14. Qb3 Bc6 15. Nf3 Re8 16. Nd4 Qd6 17. Bg3 Qd7 18.
Nxc6 bxc6 19. Qa4 Re6 20. Rc2 Nh5 21. Rfc1 Nxg3 22. hxg3 Rb8 23. b4 Bf8 24. a3 Rb6 25.
Be2 h5 26. Bf3 Kg7 27. Qb3 Kg8 28. Qd3 Rb5 29. g4 hxg4 30. Bxg4 f5 31. Bf3 a5 32.
bxa5 Rxa5 33. Rc3 Ra4 34. g3 Ra7 35. Rxc6 Rxc6 36. Rxc6 Kg7 37. Bxd5 Rxa3 38. Qc4 Kh7 39. Rc7 Ra7 40. Rxd7+ Rxd7 41. Be6 Re7 42. g4 fxg4 43. Qxg4 Bg7 44. Kg2 Re8 45. Bf7 Re5 46. Qxg6+ Kh8 47. f4 Rxe3 48. Qh5+ Bh6 49. Qxh6# 1-0

[Event "Early-Titled-Tuesday-Blitz-May-28-2024"]
[Site "Chess.com"]
[Date "2024.05.28"]
[Round "2"]
[White "Me_ch_an"]
[Black "ahmedkandiliii"]
[Result "1-0"]
[WhiteElo "2328"]
[BlackElo "2517"]
[TimeControl "180+1"]
[EndTime "8:19:00 PDT"]
[Termination "Me_ch_an won on time"]

1. e4 e5 2. Nf3 Nc6 3. Bb5 a6 4. Ba4 Nf6 5. Qe2 b5 6. Bb3 Bc5 7. c3 O-O 8. O-O d6 9. Rd1 Bg4 10. d3 Bb6 11. Nbd2 Ne7 12. Nf1 Ng6 13. h3 Bh5 14. Ng3 Kh8 15. Bg5 Nf4 16. Bxf4 exf4 17. Nxh5 Nxh5 18. d4 Qf6 19. e5 dxe5 20. Nxe5 Qf5 21.
Bc2 Qg5 22. Qe4 Nf6 23. Qd3 Rad8 24. Nf3 Qh5 25. Re1 c5 26. Re5 Qh6 27. Rae1 cxd4 28.
cxd4 Rd6 29. d5 Rfd8 30. Ng5 Kg8 31. Qf5 Qg6 32. Qxg6 hxg6 33. Bb3 Nxd5 34. Bxd5 1-0

[Event "Early-Titled-Tuesday-Blitz-May-28-2024"]
[Site "Chess.com"]
[Date "2024.05.28"]
[Round "2"]
[White "Zq1"]
[Black "Darius321"]
[Result "1/2-1/2"]
[WhiteElo "2548"]
[BlackElo "2361"]
[TimeControl "180+1"]
[EndTime "8:19:01 PDT"]
[Termination "Game drawn by repetition"]

1. d4 d5 2. c4 e6 3. Nc3 c5 4. cxd5 cxd4 5. Qxd4 Nc6 6. Qd1 exd5 7. Qxd5 Bd6 8. Nf3 Nf6 9. Qd1 O-O 10. e3 Bf5 11. Bd3 Bg4 12. Be2 Bb4 13. O-O Bxc3 14. bxc3 Ne4 15.
Qc2 Qe7 16. a4 Rfe8 17. Ba3 Qf6 18. Bb2 Rac8 19. h3 Nb4 20. Qb3 Bxf3 21. Bxf3 Nd3 22.
Bxe4 Rxe4 23. Qxb7 Rec4 24. Rad1 Nxb2 25. Qxb2 Rxc3 26.
Rd4 Qc6 27. Rfd1 h5 28. Qb1 g6 29. Qb4 Qc5 30. Qxc5 R8xc5 31. Rd7 Rf5 32. Rxa7 Rc2 33. Rf1 Ra2 34. f4 Rc5 35. Rf2 Rc1+ 36. Rf1 Rcc2 37. Rf3 Rxg2+ 38. Kf1 Rh2 39. Kg1 Rhg2+ 40. Kf1 Rh2 41.
Ra8+ Kg7 42. Kg1 Rhg2+ 43. Kh1 Rh2+ 44. Kg1 Rhg2+ 45. Kf1 Rh2 46. Kg1 1/2-1/2

[Event "Early-Titled-Tuesday-Blitz-May-28-2024"]
[Site "Chess.com"]
[Date "2024.05.28"]
[Round "2"]
[White "unbreakablepawn35"]
[Black "Mesa_1"]
[Result "1-0"]
[WhiteElo "2391"]
[BlackElo "2592"]
[TimeControl "180+1"]
[EndTime "8:19:02 PDT"]
[Termination "unbreakablepawn35 won by resignation"]

1. c4 c5 2. Nc3 g6 3. g3 Bg7 4. Bg2 Nc6 5. e4 d6 6. Nge2 e6 7. O-O Nge7 8. d3 O-O 9. h3 b6 10. f4 Bb7 11. Kh2 Qd7 12. Be3 Nd4 13. Qd2 f5 14. Rae1 a6 15. h4 b5 16. b3 bxc4 17. dxc4 e5 18. Nd5 Nxd5 19. exd5 Nxe2 20. Qxe2 e4 21.
Qc2 a5 22. Bd2 a4 23. Bc3 axb3 24. axb3 Ra2 25. Qxa2 Bxc3 26. Rc1 Bd4 27. Qc2 h6 28. Rfd1 Qg7 29. Qe2 g5 30. Rc2 Kh7 31. Ra2 Bc8 32. Qh5 gxf4 33. gxf4 Rg8 34. Kh1 Be3 35. Bh3 Qf6 36.
Rda1 Bxf4 37. Ra7+ Kh8 38. Rg1 Bg3 39. Rf7 Qxh4 40.
Qxh4 Bxh4 41. Rxg8+ Kxg8 42. Rc7 Ba6 43. Bxf5 e3 44. Bd3 Be1 45. Ra7 1-0

[Event "Early-Titled-Tuesday-Blitz-May-28-2024"]
[Site "Chess.com"]
[Date "2024.05.28"]
[Round "2"]
[White "Escudito"]
[Black "Ramosha"]
[Result "0-1"]
[WhiteElo "2351"]
[BlackElo "2556"]
[TimeControl "180+1"]
[EndTime "8:19:02 PDT"]
[Termination "Ramosha won by resignation"]

1. d4 Nf6 2. Nf3 e6 3. c4 d5 4. Nc3 Nbd7 5. Bf4 Bb4 6. e3 c5 7. dxc5 Nxc5 8. Be2 Qa5 9. O-O Bxc3 10. bxc3 dxc4 11. Bxc4 O-O 12. Rc1 b6 13. Qe2 Ba6 14.
Rfd1 Rfd8 15. Nd4 Bb7 16. h3 Rac8 17. Nb5 Nfe4 18. f3 a6 19. Nd4 Nf6 20. Bg5 b5 21.
Bb3 Ncd7 22. e4 h6 23. Bh4 Rxc3 24. Be1 b4 25. Bxc3 bxc3 26. Qc4 Rc8 27. Qa4 Qb6 28. Kh1 Ne5 29. Ne2 Qe3 30. Qd4 Qxe2 31. Qxe5 c2 32. Re1 Qd2 33. Qb2 Nh5 34. Qe5 Nf4 35. Rg1 Ne2 36.
Qb2 Nxg1 37. Kxg1 Rd8 38. Rxc2 Qe3+ 39. Rf2 Rc8 40. Qd2 Rc1+ 41. Kh2 Qc5 42. Qb2 Qc7+ 43. g3 Qb6 44. Qd2 Rc8 45. Kg2 Rd8 46. Qc2 h5 47. Rd2 Rxd2+ 48. Qxd2 g6 49. h4 Bc6 50. Qd6 Qb5 51. Qd8+ Kg7 52. Qd4+ e5 53. Qd6 a5 54. Bc2 Bd7 55. Bb3 a4 56. Bd5 Be8 57. Qxe5+ Kf8 58.
Qd6+ Kg8 59. Qe5 a3 60. Qf6 Kf8 61. Qd6+ Kg7 62. Qe5+ Kh7 63. Qe7 Kg8 64. Qf6 Qb2+ 65.
Qxb2 axb2 66. Bxf7+ Bxf7 0-1

[Event "Early-Titled-Tuesday-Blitz-May-28-2024"]
[Site "Chess.com"]
[Date "2024.05.28"]
[Round "2"]
[White "UmarovSabir"]
[Black "Semetey"]
[Result "0-1"]
[WhiteElo "2328"]
[BlackElo "2549"]
[TimeControl "180+1"]
[EndTime "8:19:02 PDT"]
[Termination "Semetey won on time"]

1. e4 Nc6 2. Nc3 e5 3. g3 Nf6 4. Bg2 Bc5 5. Nge2 O-O 6. O-O d6 7. d3 Nd4 8. h3 Be6 9. Nxd4 Bxd4 10. Kh2 d5 11. Bg5 Bxc3 12. bxc3 dxe4 13. Bxf6 Qxf6 14.
Bxe4 Rab8 15. a4 a5 16. c4 Qe7 17. Qd2 b6 18. Qc3 Qc5 19. f4 exf4 20. Rxf4 f5 21. Bg2 Rbe8 22. Raf1 Bd7 23. Bd5+ Kh8 24. d4 Qd6 25.
Qd3 g6 26. Rh4 Bxa4 27. Qd2 Re7 28. Qh6 Rfe8 29. Rf2 Qf6 30. c3 Qg7 31. Qf4 Bd7 32. Qxc7 Qf6 33. c5 bxc5 34. Qxc5 a4 35. Rhf4 h5 36. Qa3 Kg7 37. h4 Re2 38. Qc1 R8e3 39. Kg2 Qe7 40. Qf1 a3 41. Rxe2 Rxe2+ 42. Rf2 Re1 43.
Qd3 Qd6 44. Bc4 Bc6+ 45. Kh2 Be4 46. Qf1 Rxf1 47. Rxf1 Qc6 0-1

[Event "Early-Titled-Tuesday-Blitz-May-28-2024"]
[Site "Chess.com"]
[Date "2024.05.28"]
[Round "2"]
[White "Kildepiotr"]
[Black "GiorgianBarbosa"]
[Result "1-0"]
[WhiteElo "2747"]
[BlackElo "2466"]
[TimeControl "180+1"]
[EndTime "8:19:03 PDT"]
[Termination "Kildepiotr won on time"]

1. Nf3 Nf6 2. g3 e6 3. Bg2 d5 4. O-O Be7 5. d3 O-O 6. Nbd2 c5 7. e4 b6 8. Qe2 Bb7 9. e5 Nfd7 10. c3 Nc6 11. h4 a5 12. Re1 a4 13. a3 b5 14. h5 b4 15. h6 g6 16. c4 Nb6 17.
Nf1 Na5 18. cxd5 Bxd5 19. Bf4 Nb3 20. Rad1 Qc8 21. Ne3 bxa3 22. bxa3 Ra7 23. Nxd5 Nxd5 24. Bg5 Nc3 25. Qe3 Nxd1 26. Rxd1 Bxg5 27. Nxg5 Qd8 28.
Ne4 Kh8 29. Qf4 Rd7 30. Nd6 Nd4 31. Kf1 f6 32. Nc4 g5 33. Qe3 f5 34. Nd6 f4 35.
gxf4 gxf4 36. Qe4 Qh4 37. Ke1 Qxh6 38. Rb1 f3 39. Bf1 Rg7 40. Nc4 Rg1 41. Ne3 Rfg8 42. Kd2 Qh2 43. Rb7 Qxf2+ 44. Kc3 Rh1 45. Kc4 Qa2+ 46.
Kxc5 Nb3+ 47. Kd6 Qxa3+ 48. Rb4 Rxf1 49. Nxf1 f2 50. Qf4 Nd4 51. Qxd4 Rb8 52. Kc5 1-0

[Event "Early-Titled-Tuesday-Blitz-May-28-2024"]
[Site "Chess.com"]
[Date "2024.05.28"]
[Round "2"]
[White "Kunalm64"]
[Black "h4parah5"]
[Result "1-0"]
[WhiteElo "2645"]
[BlackElo "3002"]
[TimeControl "180+1"]
[EndTime "8:19:05 PDT"]
[Termination "Kunalm64 won by resignation"]

1. e4 c5 2. Nf3 Nc6 3. Bb5 e6 4. O-O Nge7 5. d4 cxd4 6. Nxd4 a6 7. Nxc6 bxc6 8. Bd3 d5 9. c4 d4 10. e5 c5 11. Nd2 Bb7 12. Qe2 Ng6 13. f4 Be7 14. g3 O-O 15. h4 f5 16. exf6 Bxf6 17. Ne4 Bxh4 18. gxh4 Qxh4 19. Qh2 Qg4+ 20. Qg3 Qh5 21. Bd2 e5 22. f5 Rxf5 23. Rxf5 Qxf5 24. Nd6 Qf3 25.
Qxf3 Bxf3 26. Be4 Bxe4 27. Nxe4 Rc8 28. a3 Nf8 29. Rc1 Nd7 30. b4 h6 31. b5 Kf8 32. a4 Ke7 33. a5 Nf6 34. Nxc5 e4 35. Bb4 e3 36. b6 Ke8 37. Nxa6 Nd7 38. b7 Rc6 39. b8=Q+ Nxb8 40. Nxb8 Rg6+ 41. Kf1 d3 42. Re1 Rf6+ 43. Kg2 e2 44. a6 Rb6 45. a7 Rxb4 46. a8=Q Kf7 47. Qd5+ 1-0